[Event "*** Monthly 3|2 Blitz Masters"]
[Site "Chess.com"]
[Date "2014.10.28"]
[Round "7"]
[White "SabinaFoisor"]
[Black "jbj"]
[Result "0-1"]
[WhiteElo "2188"]
[BlackElo "2311"]
[TimeControl "180+2"]
[EndTime "13:16:52 PDT"]
[Termination "jbj won by resignation"]

1. d4 Nf6 2. c4 e6 3. Nc3 Bb4 4. Qc2 d5 5. Bg5 c5 6. e3 Nc6 7.
Nf3 h6 8. Bxf6 Qxf6 9. cxd5 exd5 10. a3 Bxc3+ 11. bxc3 O-O 12. dxc5 Qe7 13. Bd3 Qxc5 14.
O-O Bg4 15. Nd4 Rac8 16. Qd2 Bd7 17. h3 Na5 18. Qe2 a6 19. Rac1 Rfe8 20. Qf3 Nc6 21. Nf5 Ne5 22. Qg3 Bxf5 23. Bxf5 Rc7 24. Rfd1 Rce7 25.
Rc2 Nc4 26. a4 Qc6 27. Rd4 Qxa4 28. Rg4 f6 29. Qh4 Qa1+ 30. Kh2 Ne5 31. Rg3 Kf8 32.
Qd4 Qa5 33. Rb2 Nc6 34. Qd3 Qc5 35. Bg6 Rd8 36. Bh5 Re4 37. Bf3 Ne5 38. Qe2 Nxf3+ 39. Qxf3 b5 40. Qf5 Qxc3 41. Qg6 Re7 42. Rc2 Qe5 43.
Qh7 Ke8 44. Qg6+ Kd7 45. Qg4+ f5 46. Qg6 Qe6 47. Qh5 Rc8 48. Rd2 Rc4 49. Rg6 Qe5+ 50.
f4 Rxf4 51. exf4 Qxf4+ 52. Rg3 Qxd2 53. Qxf5+ Kc6 54. Rg6+ Kc5 55. Qc8+ Kb4 56. Qxa6 Qf4+ 57. Rg3 Re3 58. Qg6 Qxg3+ 59. Qxg3 Rxg3 60. Kxg3 d4 61. Kf3 Kc3 62. Ke2 Kc2 0-1

[Event "*** Monthly 3|2 Blitz Masters"]
[Site "Chess.com"]
[Date "2014.10.28"]
[Round "7"]
[White "mat_kolosowski"]
[Black "Alexander_Donchenko"]
[Result "1/2-1/2"]
[WhiteElo "2343"]
[BlackElo "2328"]
[TimeControl "180+2"]
[EndTime "13:17:59 PDT"]
[Termination "Game drawn by repetition"]

1. d4 d5 2. c4 dxc4 3. e3 e6 4.
Bxc4 c5 5. Nf3 Nf6 6. O-O a6 7. Bb3 Nc6 8. Qe2 Qc7 9. Nc3 Bd6 10. dxc5 Bxc5 11. e4 Ng4 12. g3 O-O 13. Bf4 Nge5 14. Nxe5 Nxe5 15. Rac1 Bd7 16. Rfd1 Bc6 17. Qh5 f6 18.
Bxe6+ Kh8 19. Bf5 g5 20. Nd5 Bxd5 21. Rxd5 gxf4 22. Rdxc5 Qg7 23. Rc7 Rf7 24. Rxf7 Qxf7 25.
Qxf7 Nxf7 26. Rc7 Nd6 27. Rxh7+ Kg8 28. Rd7 Nxf5 29. exf5 fxg3 30. hxg3 b5 31. Kg2 a5 32. Rb7 b4 33. g4 Rd8 34. Rb5 Rd2 35. Rxa5 Rxb2 36.
Ra7 Rc2 37. Kg3 Kf8 38. f3 Rc3 39. Rb7 Ra3 40. Rxb4 Rxa2 41. Rb6 Kf7 42. Rb7+ Kf8 43. f4 Ra3+ 44. Kg2 Ra2+ 45. Kg3 Ra3+ 46. Kg2 Ra2+ 47.
Kf3 Ra3+ 48. Ke4 Ra4+ 49. Ke3 Ra3+ 50. Ke4 Ra4+ 51. Kd5 Rxf4 52. Ke6 Rxg4 53. Kxf6 Kg8 54. Rb8+ Kh7 55. Ke7 Re4+ 56. Kf7 Ra4 57. Re8 Ra7+ 58.
Re7 Ra8 59. f6 Kh6 60. Rc7 Rb8 61. Ke7 Kg6 62. Ra7 Kh6 63. Ke6 Kg6 64. Rg7+ Kh6 65. Rg2 Rb6+ 66. Ke7 Rb7+ 67. Kd6 Rb6+ 68. Ke5 Rb5+ 69. Ke4 Rb4+ 70. Kd5 Rb5+ 71. Kd6 Rb6+ 72. Ke7 Rb7+ 73. Kd8 Rb8+ 74. Kd7 Rb7+ 75. Kd6 Rb6+ 1/2-1/2

[Event "*** Monthly 3|2 Blitz Masters"]
[Site "Chess.com"]
[Date "2014.10.28"]
[Round "8"]
[White "THORK"]
[Black "mokerslag"]
[Result "0-1"]
[WhiteElo "2172"]
[BlackElo "2313"]
[TimeControl "180+2"]
[EndTime "13:23:17 PDT"]
[Termination "mokerslag won by resignation"]

1. e4 c5 2. Nf3 Nc6 3. Nc3 g6 4.
Bb5 Bg7 5. Bxc6 bxc6 6. d3 Nf6 7.
h3 O-O 8. O-O Rb8 9. Re1 d6 10. a3 Nd7 11. Nh2 Qa5 12. Ng4 Bxc3 13. bxc3 Qxc3 14. Bd2 Qg7 15. Bh6 Qc3 16. Bxf8 Nxf8 17. Qf3 Bxg4 18. hxg4 Qxc2 19. Qe2 Qc3 20. Rab1 Rb5 21. a4 Rb4 22. Rbc1 Qe5 23. g3 Ne6 24. Kg2 Rb2 25. Qe3 Nd4 26. Rh1 Qf6 27. Qf4 Qxf4 28. gxf4 Ne2 29. Rb1 Nxf4+ 30. Kf3 Nxd3 31. Rxb2 Nxb2 32.
a5 a6 33. Rb1 Nc4 34. Rb6 Nxa5 35. Rxa6 Nb3 36. Rxc6 Nd4+ 37. Kf4 Nxc6 0-1

[Event "*** Monthly 3|2 Blitz Masters"]
[Site "Chess.com"]
[Date "2014.10.28"]
[Round "8"]
[White "vovkcoach"]
[Black "Danesz22"]
[Result "0-1"]
[WhiteElo "2505"]
[BlackElo "2525"]
[TimeControl "180+2"]
[EndTime "13:23:55 PDT"]
[Termination "Danesz22 won by resignation"]

1. e4 c6 2. d4 d5 3. Nc3 dxe4 4.
Nxe4 Bf5 5. Ng3 Bg6 6. h4 h6 7. Nf3 Nd7 8. h5 Bh7 9. Bd3 Bxd3 10. Qxd3 Ngf6 11. Bf4 e6 12. O-O-O Be7 13. Kb1 O-O 14. Ne2 c5 15. Ne5 Nxe5 16. Bxe5 Nd7 17. Qe4 Nxe5 18.
dxe5 Qc7 19. c3 Rad8 20. Kc2 b5 21. a4 b4 22. Rxd8 Rxd8 23. Rd1 Rxd1 24. Kxd1 Qd7+ 25. Kc1 Qxa4 26. Qa8+ Bf8 27. Qb7 b3 28. Kd2 Qa2 29. Nc1 Qxb2+ 0-1

[Event "*** Monthly 3|2 Blitz Masters"]
[Site "Chess.com"]
[Date "2014.10.28"]
[Round "8"]
[White "chesstatour"]
[Black "dsanchez1973"]
[Result "0-1"]
[WhiteElo "1785"]
[BlackElo "1838"]
[TimeControl "180+2"]
[EndTime "13:24:14 PDT"]
[Termination "dsanchez1973 won by resignation"]

1. c4 e5 2. Nc3 Nc6 3. Nf3 Nf6 4. d4 exd4 5. Nxd4 Bc5 6. Nc2 h6 7. g3 Qe7 8. Bg2 O-O 9. O-O a5 10.
Bf4 d6 11. Rc1 Bg4 12. h3 Bh5 13. Re1 a4 14. Nd5 Nxd5 15. cxd5 Ne5 16. Nd4 Qf6 17. Qd2 Bxd4 18. Rxc7 Ng6 19. e3 Bxb2 20. Rb1 a3 21. Rxb7 Nxf4 22. exf4 Rae8 23. f5 Re2 24.
Qf4 Be5 25. Qc4 Qxf5 26. f4 Bb2 27. g4 Bxg4 28. hxg4 Qxg4 0-1

[Event "*** Monthly 3|2 Blitz Masters"]
[Site "Chess.com"]
[Date "2014.10.28"]
[Round "8"]
[White "SabinaFoisor"]
[Black "JamesColeman"]
[Result "1-0"]
[WhiteElo "2259"]
[BlackElo "2291"]
[TimeControl "180+2"]
[EndTime "13:24:35 PDT"]
[Termination "SabinaFoisor won by resignation"]

1. d4 Nf6 2. c4 e6 3. Nc3 Bb4 4. Qc2 Nc6 5. Nf3 d6 6. Bd2 Qe7 7. a3 Bxc3 8. Bxc3 e5 9. d5 Nb8 10. e3 a5 11. b4 axb4 12. axb4 Rxa1+ 13. Bxa1 O-O 14. Nd2 Na6 15. Bc3 Bd7 16. Bd3 Ra8 17.
O-O c6 18. dxc6 bxc6 19. Ra1 Nc7 20. Rxa8+ Nxa8 21. Qa4 Qd8 22. c5 dxc5 23. bxc5 Nc7 24. Bxe5 Nb5 25. Bxf6 gxf6 26. Qh4 Bf5 27. Bxf5 Qxd2 28.
h3 Qc1+ 29. Kh2 Qxc5 30. Bxh7+ Kg7 31. Be4 Nd6 32. Bf3 Qe5+ 33. g3 c5 34. Qg4+ Kf8 35.
h4 f5 36. Qg5 Qe7 37. Qh6+ Ke8 38. h5 Qe6 39. Qh8+ Ke7 40. h6 c4 41. h7 Qh6+ 42. Kg2 c3 43. Qe5+ Kd7 44. h8=Q 1-0

[Event "*** Monthly 3|2 Blitz Masters"]
[Site "Chess.com"]
[Date "2014.10.28"]
[Round "8"]
[White "marabu44"]
[Black "ilmago"]
[Result "1-0"]
[WhiteElo "2211"]
[BlackElo "1747"]
[TimeControl "180+2"]
[EndTime "13:26:12 PDT"]
[Termination "marabu44 won by checkmate"]

1. Nf3 Nf6 2. b3 g6 3. Bb2 Bg7 4.
c4 d6 5. g3 O-O 6. Bg2 e5 7. d3 Nc6 8. O-O Re8 9. e4 Bg4 10.
h3 Be6 11. Kh2 a5 12. Qd2 Qc8 13. Nc3 Nh5 14. Nd5 f5 15. exf5 gxf5 16. Qg5 Bf7 17.
Nh4 h6 18. Qd2 Ne7 19. Rae1 Nxd5 20. cxd5 Nf6 21. f4 e4 22. dxe4 Nxe4 23. Bxe4 fxe4 24. Bxg7 Kxg7 25. Qd4+ Kg8 26. Rxe4 Rxe4 27. Qxe4 Qd7 28. Qf5 Qxf5 29. Nxf5 Kh7 30. Rc1 Bxd5 31. Rxc7+ Kg6 32.
g4 Be4 33. Nxd6 Bb1 34. Kg3 Bxa2 35. Rxb7 Rd8 36. Rb6 Kh7 37. Rb7+ Kg6 38. Ne4 Rd3+ 39. Kh4 Bxb3 40. f5# 1-0

[Event "*** Monthly 3|2 Blitz Masters"]
[Site "Chess.com"]
[Date "2014.10.28"]
[Round "8"]
[White "AlmirDzhumaev"]
[Black "brauliocuarta"]
[Result "0-1"]
[WhiteElo "2179"]
[BlackElo "1982"]
[TimeControl "180+2"]
[EndTime "13:26:16 PDT"]
[Termination "brauliocuarta won by checkmate"]

1. e4 c5 2. Nc3 e6 3. g3 g6 4.
Bg2 Bg7 5. d3 Nc6 6. Be3 d6 7. Qd2 h6 8. Nd1 Rb8 9. a4 a6 10. a5 b5 11. axb6 Rxb6 12. c3 Nge7 13. Ne2 Ne5 14. h3 c4 15. Bxb6 Qxb6 16. dxc4 Nxc4 17. Qc2 O-O 18. O-O e5 19. Kh2 f5 20.
b3 Na5 21. Rb1 Be6 22. c4 Nac6 23. Ndc3 Nd4 24. Nxd4 exd4 25. Nd5 Bxd5 26. exd5 f4 27. Be4 Nf5 28. g4 Nh4 29. Bxg6 f3 30. Rfe1 Qd8 31. Re6 Qg5 32. Qe4 Be5+ 33. Kg1 Rf4 34. Bh7+ Kg7 35. Qd3 Rxg4+ 36. Kf1 Rg1# 0-1

[Event "*** Monthly 3|2 Blitz Masters"]
[Site "Chess.com"]
[Date "2014.10.28"]
[Round "8"]
[White "mat_kolosowski"]
[Black "KaydenTroffChess"]
[Result "0-1"]
[WhiteElo "2335"]
[BlackElo "2366"]
[TimeControl "180+2"]
[EndTime "13:26:57 PDT"]
[Termination "KaydenTroffChess won by resignation"]

1. d4 Nf6 2. c4 g6 3. g3 c6 4. Bg2 d5 5. b3 Bg7 6. Nf3 O-O 7.
O-O dxc4 8. bxc4 c5 9. Bb2 Qb6 10. Qb3 Ne4 11. e3 Nc6 12. Ne5 Nd6 13. Nd2 Na5 14. Qxb6 axb6 15. Rfc1 Be6 16. d5 Bd7 17. Rab1 Ba4 18. Ba1 Ra6 19. Bf1 e6 20. dxe6 fxe6 21.
Bh3 Re8 22. Ndf3 Bc6 23. Bf1 Be4 24. Rd1 Bxb1 25. Rxd6 Be4 26. Rd7 Bxf3 27. Rxg7+ Kxg7 28. Nxf3+ Kg8 29. Bh3 Nc6 30. Ng5 Nd8 31. Ne4 Rf8 32.
Bf6 Rxa2 33. Be7 Re8 34. Nf6+ Kf7 35. Nxe8 Kxe8 36. Bd6 Kd7 37. Bf4 Nc6 38. Bf1 Na5 39. h4 Rc2 40. g4 Nxc4 41. h5 Nd2 42. Bd3 Rc1+ 43. Kg2 c4 44. Be2 Re1 45. hxg6 hxg6 46. Bf3 Nxf3 47. Kxf3 c3 48. e4 c2 0-1

[Event "*** Monthly 3|2 Blitz Masters"]
[Site "Chess.com"]
[Date "2014.10.28"]
[Round "8"]
[White "exoticprincess"]
[Black "GMNeiksans"]
[Result "1-0"]
[WhiteElo "2757"]
[BlackElo "2503"]
[TimeControl "180+2"]
[EndTime "13:27:09 PDT"]
[Termination "exoticprincess won by resignation"]

1. b3 d5 2. Bb2 Bg4 3. f3 Bf5 4.
e3 Nf6 5. g4 Bg6 6. h4 h6 7. d4 c5 8. Bd3 Bxd3 9. Qxd3 cxd4 10.
exd4 Nc6 11. Ne2 g6 12. Nbc3 Qa5 13. a3 Bg7 14. O-O-O e6 15. Kb1 O-O-O 16. Qe3 h5 17. Rdg1 Qc7 18. Nf4 Kb8 19. Nce2 Bf8 20. Nd3 hxg4 21.
fxg4 Ne4 22. Rf1 Bh6 23. g5 Bg7 24. Rf4 Nd6 25. Ng3 Nb5 26. h5 Bxd4 27. Rxd4 Nbxd4 28.
h6 Rh7 29. Bxd4 Nxd4 30. Qxd4 Qxg3 31. Qf6 Qc7 32. Rf1 Re8 33. Ne5 Qe7 34. Nxf7 Qxf6 35.
Rxf6 Rf8 36. Ne5 Rxf6 37. gxf6 Rxh6 38. f7 Rh1+ 39. Kb2 Rf1 40. f8=Q+ Rxf8 41. Nd7+ Kc7 42. Nxf8 Kd6 43. Nxg6 e5 44. Kc3 1-0

[Event "*** Monthly 3|2 Blitz Masters"]
[Site "Chess.com"]
[Date "2014.10.28"]
[Round "8"]
[White "DanielRensch"]
[Black "Alexander_Donchenko"]
[Result "0-1"]
[WhiteElo "2340"]
[BlackElo "2342"]
[TimeControl "180+2"]
[EndTime "13:27:21 PDT"]
[Termination "Alexander_Donchenko won by resignation"]

1. d4 d5 2. Nc3 c6 3. Bf4 Nf6 4.
Qd3 g6 5. f3 Bg7 6. g4 h5 7. g5 Nfd7 8. e4 Nb6 9. O-O-O O-O 10. Bh3 Bxh3 11. Nxh3 Na6 12. Kb1 Nc7 13. e5 Ne6 14. Be3 Nc4 15. f4 Qb6 16. Bc1 Nxd4 17. b3 Nf5 18. Na4 Qb4 19. Nf2 b5 20. c3 Qa5 21.
Nc5 Rfc8 22. Qe2 Qb6 23. Nfd3 a5 24. e6 f6 25. gxf6 Bxf6 26. Rhg1 Kh7 27. Nd7 Qc7 28.
Nxf6+ exf6 29. bxc4 bxc4 30. Nb2 Rab8 31. a4 Re8 32.
Qc2 Rxe6 33. Rxg6 Kxg6 34. Rg1+ Kf7 35. Qxf5 Re7 36. Rg6 Ke8 37. Rxf6 Kd8 38. Rf8+ Re8 39. Qf6+ Qe7 40. Rxe8+ Kxe8 41. Qh8+ Qf8 42. Qe5+ Kf7 43.
Qxb8 Qxb8 44. Kc2 Qb3+ 45. Kd2 d4 46. Nd1 Qa2+ 47. Ke1 d3 48. Bd2 Qxa4 49. Ne3 Qb5 50. f5 a4 0-1

[Event "*** Monthly 3|2 Blitz Masters"]
[Site "Chess.com"]
[Date "2014.10.28"]
[Round "8"]
[White "MichiganEagle"]
[Black "Trendle"]
[Result "1/2-1/2"]
[WhiteElo "2275"]
[BlackElo "2208"]
[TimeControl "180+2"]
[EndTime "13:27:33 PDT"]
[Termination "Game drawn by agreement"]

1. d4 f5 2. Nc3 Nf6 3. Bg5 d5 4.
Bxf6 exf6 5. e3 Be6 6. Bd3 Nc6 7. a3 Qd7 8. Nge2 Ne7 9. Nf4 Bf7 10. h4 h5 11. Qd2 Nc8 12. f3 c6 13. O-O-O Nd6 14.
e4 fxe4 15. fxe4 dxe4 16. Nxe4 Nxe4 17. Bxe4 O-O-O 18. Qa5 Kb8 19. d5 Bd6 20. Ng6 Rhe8 21. dxc6 Qg4 22. Qb5 b6 23. Qa6 Qc8 24. Qxc8+ Kxc8 25. Bf5+ Kc7 26. Rhe1 Kxc6 27. b4 Bg3 28. Rxe8 Rxd1+ 29. Kxd1 Bxe8 30. Be4+ Kd6 31. Ke2 a5 32.
Kf3 Be1 33. bxa5 bxa5 34. Nf4 Bf7 35. Bg6 Bxg6 36. Nxg6 a4 37. Nf4 Bc3 38. Nd3 Kd5 39. Ke3 Bd4+ 40. Kf4 Kc4 41. Ke4 Kc3 42. Nf4 Bc5 43.
Nxh5 g6 44. Nxf6 Bxa3 45. Nd5+ Kxc2 46. Nb6 Kb3 47. g4 Be7 48. Nxa4 Kxa4 49. h5 gxh5 50.
gxh5 1/2-1/2

[Event "*** Monthly 3|2 Blitz Masters"]
[Site "Chess.com"]
[Date "2014.10.28"]
[Round "8"]
[White "oggy1984"]
[Black "Th3ChessViking"]
[Result "1-0"]
[WhiteElo "2236"]
[BlackElo "2368"]
[TimeControl "180+2"]
[EndTime "13:27:55 PDT"]
[Termination "oggy1984 won by checkmate"]

1. e4 e6 2. d4 d5 3. Nc3 Bb4 4.
e5 Qd7 5. Qg4 Bf8 6. Nf3 b6 7.
a4 Nc6 8. Bb5 a6 9. Bxc6 Qxc6 10. O-O Bb7 11. Ng5 h6 12. Qh5 g6 13.
Qh3 Bg7 14. Nf3 Ne7 15. Ne1 Nf5 16. Be3 g5 17. f4 O-O-O 18. Bf2 gxf4 19. Nd3 f6 20.
exf6 Bxf6 21. Nxf4 Kb8 22. Rae1 Bc8 23. Qd3 Rdg8 24.
Kh1 Rg4 25. Bg1 Rhg8 26. Re2 h5 27. b4 h4 28. b5 Qd6 29. Nh3 Bxd4 30. bxa6 Bxc3 31.
a7+ Kxa7 32. Qxc3 Ba6 33. Rfe1 Bxe2 34. Rxe2 Kb7 35. a5 Ra8 36. axb6 cxb6 37. Qf6 Re8 38. c4 d4 39. Ng5 d3 40. Rb2 d2 41. Nf7 Qc6 42.
Rxd2 Rf8 43. c5 b5 44. Nd8+ Rxd8 45. Qxd8 Rg7 46. Ra2 Qc8 47. Qb6# 1-0

[Event "*** Monthly 3|2 Blitz Masters"]
[Site "Chess.com"]
[Date "2014.10.28"]
[Round "8"]
[White "liczner"]
[Black "VovAn1991"]
[Result "1-0"]
[WhiteElo "2419"]
[BlackElo "2323"]
[TimeControl "180+2"]
[EndTime "13:27:56 PDT"]
[Termination "liczner won on time"]

1. e4 c5 2. Nf3 d6 3. d4 cxd4 4.
Nxd4 Nf6 5. Nc3 Nc6 6. Be2 e5 7. Nf3 Be7 8. Bg5 O-O 9. O-O Be6 10.
Bxf6 Bxf6 11. Nd5 Rc8 12. c3 Bg5 13. a4 Kh8 14. Ne1 g6 15. Nc2 Kg7 16. Kh1 f5 17.
exf5 gxf5 18. g3 Qd7 19. f4 Bf6 20. Nce3 Kh8 21. Qd2 Bg7 22. Rad1 e4 23. Bc4 Na5 24.
Bb5 Qf7 25. b4 Nc6 26. a5 h5 27. a6 bxa6 28. Bxa6 Rcd8 29. Qg2 Ne7 30. Bc4 Ng6 31. Ra1 Rc8 32. Bb3 Bxc3 33. Rac1 Bd4 34. Qd2 Bxe3 35. Qxe3 Bxd5 36. Qd4+ Kh7 37. Bxd5 Qe7 38. Ra1 Rc7 39. Ra6 Rfc8 40. Rxd6 Rd8 41. Rxd8 Qxd8 42. Rd1 Qe7 43. b5 Rc2 44. b6 axb6 45. Qxb6 e3 46. Be6 e2 47.
Re1 h4 48. Bxf5 1-0

[Event "*** Monthly 3|2 Blitz Masters"]
[Site "Chess.com"]
[Date "2014.10.28"]
[Round "8"]
[White "alexsuper1987"]
[Black "ruzomberok"]
[Result "1/2-1/2"]
[WhiteElo "2057"]
[BlackElo "2198"]
[TimeControl "180+2"]
[EndTime "13:28:11 PDT"]
[Termination "Game drawn by repetition"]

1. e4 e5 2. d4 exd4 3. Nf3 Nc6 4. c3 d5 5. exd5 Qxd5 6. cxd4 Bg4 7. Be2 Bb4+ 8. Nc3 Bxf3 9. Bxf3 Qc4 10. Qb3 Qxb3 11.
axb3 Nge7 12. Be3 O-O-O 13. O-O a6 14. Ra4 Bd6 15. Rc1 Rhe8 16. Ne4 h6 17. Nc5 f5 18. Nxa6 f4 19. Bd2 bxa6 20. Bxc6 Nxc6 21. Rxc6 Re2 22. Bc3 Rc2 23. Ra1 Re8 24. Rcxa6 Ree2 25. Rf1 Kb7 26. Raa1 g5 27. Rae1 h5 28. Rxe2 Rxe2 29.
Re1 Rxe1+ 30. Bxe1 Kc6 31. Kf1 Kd5 32. Bc3 f3 33. g3 Be7 34. Ke1 Bf6 35. Kd2 Bxd4 36.
Bxd4 Kxd4 37. h3 g4 38. hxg4 hxg4 39. b4 Kc4 40. Ke3 Kxb4 41. Kf4 Kb3 42. Kxg4 Kxb2 43. Kxf3 c5 44. g4 c4 45. g5 c3 46. g6 c2 47. g7 c1=Q 48. g8=Q Qc6+ 49. Kg3 Qd6+ 50. f4 Qd3+ 51. Kg4 Qe2+ 52. Kf5 Qb5+ 53. Kg6 Qc6+ 54. Kf5 Qc5+ 55. Kf6 Qd4+ 56. Kf5 Qd3+ 57. Kg4 Qe2+ 58. Kf5 Qd3+ 59. Ke5 Qe3+ 60. Kf5 Qd3+ 1/2-1/2

[Event "*** Monthly 3|2 Blitz Masters"]
[Site "Chess.com"]
[Date "2014.10.28"]
[Round "8"]
[White "GedoGluperd"]
[Black "wannabe2700"]
[Result "1-0"]
[WhiteElo "2289"]
[BlackElo "2228"]
[TimeControl "180+2"]
[EndTime "13:28:55 PDT"]
[Termination "GedoGluperd won by checkmate"]

1. d4 e6 2. Nf3 f5 3. c3 Nf6 4. Bf4 b6 5. Nbd2 Bb7 6. e3 Be7 7. Be2 O-O 8. O-O Ne4 9. h3 Bf6 10.
Nxe4 fxe4 11. Nd2 d5 12. Qc2 Nd7 13. f3 exf3 14. Nxf3 Rc8 15. Rae1 Qe7 16. Bd3 g6 17. Bh6 Bg7 18. Bxg7 Qxg7 19. e4 c5 20. Qf2 cxd4 21.
Qxd4 Nc5 22. e5 Nxd3 23. Qxd3 Bc6 24. Qe2 Bd7 25. Nd4 Qh6 26. Nf3 Rf4 27. Nd4 Rcf8 28. Rxf4 Qxf4 29. Rf1 Qg5 30. Rxf8+ Kxf8 31. Kf2 Ke7 32.
Nf3 Qf5 33. Qd2 Kf7 34. Kg3 Kg8 35. Qg5 Qf8 36. Qf6 Qc8 37. Qe7 Qc7 38. Kg4 h6 39. h4 Qc8 40. Kg3 Be8 41. Nh2 Qb8 42. Ng4 Bf7 43. Nxh6+ Kh7 44. Ng4 Kg7 45. Qf6+ Kg8 46. Nh6+ Kh7 47. Nxf7 Qg8 48. Ng5+ Kh6 49. Nxe6 b5 50.
Qf8+ Qxf8 51. Nxf8 b4 52. Ne6 bxc3 53. bxc3 Kh5 54. Nf4+ Kh6 55. Nxd5 g5 56. hxg5+ Kxg5 57. Kf3 Kf5 58. Ne3+ Kxe5 59. g4 Kd6 60. Ke4 Kc5 61.
g5 Kb5 62. Kd4 Ka4 63. Nc2 a5 64. g6 Kb5 65. g7 Ka4 66. g8=Q Kb5 67. Qd5+ Ka4 68.
Qc4# 1-0

[Event "*** Monthly 3|2 Blitz Masters"]
[Site "Chess.com"]
[Date "2014.10.28"]
[Round "8"]
[White "jbj"]
[Black "lorcho"]
[Result "0-1"]
[WhiteElo "2300"]
[BlackElo "2463"]
[TimeControl "180+2"]
[EndTime "13:29:11 PDT"]
[Termination "lorcho won by resignation"]

1. e4 e6 2. b3 d5 3. Bb2 Nf6 4. e5 Nfd7 5. f4 c5 6. Nf3 Nc6 7. c4 d4 8. d3 g5 9. Nxg5 Ndxe5 10.
Be2 Ng6 11. O-O Bd6 12. Bh5 Nce7 13. Ne4 Nf5 14. Bc1 Be7 15. Na3 Rg8 16. Kh1 Bd7 17. Nc2 Bc6 18. Qe2 Qc7 19. Bd2 Rg7 20. b4 cxb4 21. Nxb4 Ngh4 22. Nxc6 Qxc6 23. Bf3 Nxf3 24. Rxf3 O-O-O 25. Rb1 Rdg8 26. Rg1 Rg4 27. Rh3 h6 28.
Qf3 Nh4 29. Rxh4 Bxh4 30. f5 h5 31. fxe6 fxe6 32. Bb4 Bd8 33. Qf2 a5 34. Ba3 h4 35.
h3 R4g7 36. Qxd4 Bc7 37. Bd6 Bxd6 38. Nxd6+ Kb8 39. Ne4 Rd7 40. Qe5+ Qc7 41. Qxe6 Rgd8 42. Qf6 Rxd3 43. Qxh4 Qxc4 44. Qf4+ Ka8 45. Qf5 R3d5 46. Qg6 Rd1 47. Nf2 Rxg1+ 48. Kxg1 Qc1+ 49. Kh2 Qf4+ 50. Qg3 Qd2 51. a4 Qb4 52. Qc7 Rf8 53. Nd3 Qxa4 54. Qd6 Rc8 55. Nc5 Qc6 56. Qxc6 Rxc6 57. Ne4 a4 58. g4 a3 59. g5 a2 60. h4 a1=Q 61. h5 Qb2+ 62. Kg3 Qb3+ 63. Kf4 Qf7+ 64. Kg4 Rc4 65. g6 Rxe4+ 66. Kg5 Re5+ 67. Kh6 Qf4+ 68.
Kh7 Rxh5+ 69. Kg8 Qb8+ 70. Kg7 Rh8 71. Kf7 Rg8 72. g7 Qe8+ 73. Kf6 Rxg7 74. Kxg7 Qe6 0-1

[Event "*** Monthly 3|2 Blitz Masters"]
[Site "Chess.com"]
[Date "2014.10.28"]
[Round "8"]
[White "GMG"]
[Black "David_Klein"]
[Result "1-0"]
[WhiteElo "2404"]
[BlackElo "2354"]
[TimeControl "180+2"]
[EndTime "13:29:38 PDT"]
[Termination "GMG won by checkmate"]

1. c4 e6 2. Nc3 d5 3. d4 Be7 4.
cxd5 exd5 5. Bf4 c6 6. e3 Nf6 7.
Bd3 Bg4 8. Qc2 Nbd7 9. Nge2 Bh5 10. Ng3 Bg6 11. Nf5 Bxf5 12. Bxf5 Nf8 13. h3 Ng6 14. Bg3 Bd6 15. Bxd6 Qxd6 16. h4 Ne7 17. Bd3 h6 18.
Qe2 Qe6 19. O-O-O O-O-O 20. h5 Kb8 21. Kb1 Nc8 22. Na4 Nd6 23. Nc5 Qe7 24. Rc1 Ka8 25.
Qf3 Nd7 26. Nb3 Rhe8 27. Qg3 Qf8 28. Rhe1 Rc8 29. f3 f5 30. Qf4 Qf6 31. Nc5 Rcd8 32.
Rc3 Rf8 33. Rec1 Nxc5 34. Rxc5 Nf7 35. Qxf5 Qxf5 36. Bxf5 Rde8 37. R5c3 Nd6 38. Bg6 Re7 39. Re1 Kb8 40. b3 Rf6 41. Kc1 Nb5 42. Rd3 Kc7 43.
Kd2 Nd6 44. a4 a5 45. Rh1 Kb6 46. Ke2 Kc7 47. g4 Rf8 48. Rg1 b5 49. Rc3 bxa4 50. bxa4 Nc4 51. Rb1 Nd6 52. Rbc1 Nc4 53. Rb3 Rb8 54.
Rxb8 Kxb8 55. Rb1+ Kc7 56. e4 dxe4 57. fxe4 Rd7 58.
Rd1 Nb2 59. Rd2 Nc4 60. Rd3 Nb2 61. Rb3 Nxa4 62. Ke3 Nb6 63. Rc3 a4 64. d5 Rd6 65.
Be8 Kd8 66. Bxc6 a3 67. Kd4 Rf6 68. Rxa3 Rf1 69. Kc5 Nc8 70. Ra8 Rc1+ 71. Kd4 Kc7 72. e5 Rd1+ 73. Ke4 Re1+ 74. Kf5 Ne7+ 75. Ke6 Nxc6 76. dxc6 Kxc6 77. Rc8+ Kb7 78. Rg8 Kc6 79. Rxg7 Re4 80. Rg6 Kc7 81. Kf5 Re1 82. Rxh6 Kd7 83. Rh7+ Ke8 84. g5 Kf8 85. g6 Kg8 86. Ra7 Rf1+ 87.
Kg5 Rf8 88. h6 Re8 89. Kf5 Kh8 90. e6 Rb8 91. Kf6 Rf8+ 92. Rf7 Ra8 93. g7+ Kh7 94.
Rf8 Rxf8+ 95. gxf8=R Kxh6 96. Rh8# 1-0

[Event "*** Monthly 3|2 Blitz Masters"]
[Site "Chess.com"]
[Date "2014.10.28"]
[Round "8"]
[White "Nouki"]
[Black "GMHess"]
[Result "1/2-1/2"]
[WhiteElo "2588"]
[BlackElo "2444"]
[TimeControl "180+2"]
[EndTime "13:29:39 PDT"]
[Termination "Game drawn by agreement"]

1. d4 Nf6 2. c4 e6 3. Nf3 d5 4.
Nc3 Be7 5. Bg5 c6 6. e3 O-O 7.
Bd3 a5 8. O-O Nbd7 9. Rc1 h6 10.
Bh4 b6 11. cxd5 exd5 12. Re1 c5 13. Ne5 Bb7 14. Bb5 Nxe5 15. dxe5 Ne4 16. Bxe7 Qxe7 17. Nxe4 dxe4 18. Qd6 Qxd6 19. exd6 Ba6 20. Bc6 Rad8 21. d7 f5 22. Red1 Rf6 23. Ba4 Bd3 24. f3 Kf8 25.
Rc3 Be2 26. Rd2 exf3 27. Kf2 b5 28. gxf3 Bc4 29. b3 Ke7 30. bxc4 bxa4 31. Rcd3 g6 32.
Rd5 Rc6 33. h4 h5 34. Kg3 a3 35. Kf4 Rb6 36. Rxc5 Rb2 37. Rcd5 Rb4 38. R5d4 Kf6 39. c5 Rxd7 40. c6 Rc7 41. Rxb4 axb4 42. Rd4 Rxc6 43. Rxb4 Rc2 44. Rb6+ Kg7 45. Ra6 Rxa2 46. Ke5 Rf2 47. Ra7+ Kh6 48. f4 a2 49. Kf6 Rb2 50. Ra8 Rb6+ 51.
Ke5 Rb2 52. Kf6 Rb6+ 53. Ke5 Rb5+ 54. Kd4 Rb2 55. Kc3 Re2 56. Kd3 Rh2 57. Kd4 Rxh4 58. Rxa2 Rh1 59. Ra8 h4 60. e4 fxe4 61. Kxe4 Kh5 62.
Ra5+ Kh6 63. Ra8 Kh5 64. Ra5+ Kh6 65. Kf3 Rg1 66. Ra8 Rg3+ 67. Kf2 Kh5 68. Rg8 Ra3 69.
Rg7 Ra2+ 70. Kf3 Ra3+ 71. Kf2 Ra6 72. Kf3 Ra3+ 73. Kf2 h3 74. Kg1 Rf3 75. Kh2 Rxf4 76. Kxh3 Rf3+ 77. Kg2 Ra3 78. Rb7 g5 79. Rb4 Re3 80.
Rc4 Re5 81. Rd4 Rf5 82. Rc4 Kg6 83. Kg3 Kh5 84. Rc8 Ra5 85. Rh8+ Kg6 86. Rg8+ Kf7 87. Rb8 Kf6 88. Rf8+ Kg6 89. Rg8+ Kf5 90. Rf8+ Kg6 91. Rg8+ Kh7 92. Rb8 Rd5 93. Kg4 Kg6 94. Rb6+ Kg7 95. Kh5 g4+ 96. Kxg4 1/2-1/2

[Event "*** Monthly 3|2 Blitz Masters"]
[Site "Chess.com"]
[Date "2014.10.28"]
[Round "8"]
[White "jcibarra"]
[Black "GeorgMeier"]
[Result "0-1"]
[WhiteElo "2479"]
[BlackElo "2556"]
[TimeControl "180+2"]
[EndTime "13:31:04 PDT"]
[Termination "GeorgMeier won by resignation"]

1. e4 e6 2. d4 d5 3. Bd3 dxe4 4. Bxe4 Nf6 5. Bf3 c5 6. Ne2 Be7 7. Nbc3 O-O 8. Be3 Qa5 9. O-O Rd8 10.
Qc1 Nc6 11. Rd1 cxd4 12. Nxd4 Ne5 13. Be2 Bd7 14. Nb3 Qc7 15. Bf4 Ne8 16. Qe3 f6 17.
Bxe5 Qxe5 18. Qxe5 fxe5 19. Ne4 Bc6 20. Bf3 Rac8 21.
c3 Nf6 22. Ng5 Bd5 23. Nd2 h6 24. Nge4 Kf7 25. b3 Bxe4 26. Nxe4 Nxe4 27. Bxe4 Rxc3 28. Rxd8 Bxd8 29. Rd1 Bb6 30. Kf1 Bd4 31. Ke2 b5 32.
Rd3 Rc1 33. Rd1 Rc7 34. Rd2 b4 35. Rc2 Bc3 36. Rc1 Ke7 37. Rd1 Rc5 38. Rc1 Kd6 39. Rd1+ Kc7 40. Kd3 Ra5 41. a4 Rc5 42. f3 Bd4 43.
Ke2 a5 44. Rd2 Kd6 45. Rc2 Bc3 46. Rc1 Ke7 47. Rc2 Rc8 48. Rc1 Kf6 49. Rc2 Rd8 50.
Bd3 h5 51. Be4 h4 52. Bd3 Kg5 53. Ke3 Rd4 54. g3 Kf6 55. f4 hxg3 56. hxg3 exf4+ 57.
gxf4 Rd8 58. Rg2 Rh8 59. Bc4 Rh3+ 60. Ke4 Rh4 61. Kf3 e5 62. fxe5+ Bxe5 63. Rg4 Rh3+ 64. Ke4 g5 65. Rg1 Bf4 66. Rg2 Re3+ 67. Kd4 Re7 68. Bd3 Rc7 69. Bc4 Re7 70. Bd3 Re5 71. Be4 Re8 72. Bd3 Rc8 73. Bc4 Rc7 74. Kd5 Be3 75. Rg3 Re7 76. Rg2 Kf5 77. Bd3+ Kf4 78. Be2 Re5+ 79. Kd6 Ke4 80. Bb5 Kd4 81. Bc6 Bf4 82.
Kd7 Kc3 83. Bb5 Kxb3 84. Kc6 Kc3 85. Kb6 b3 86. Kxa5 b2 87. Rg1 Bc1 88. Rg3+ Re3 89.
Rxg5 b1=Q 90. Rc5+ Kd2 0-1